Cogmind - Beta 14 @@@ ROGUE MODE // 2024.11.29 @ 11:38:20 Player: Amberulez Result: Destroyed by E8-ZL8(R) with Subdweller Machine Gun Performance ------------- Evolutions (0) 0 Regions Visited (3) 600 Robots Destroyed (33) 165 Value Destroyed (759) 759 Prototype IDs (0) 0 Alien Tech Used (0) 0 Bonus (7) 7 TOTAL SCORE: 1531 Bonus ------- Follower Combat Kills 7 Cogmind --------- Core Integrity 0/250 Matter 14/300 Energy 100/100 System Corruption 3% Temperature Cool (0) Movement Walking (680) Ox8 Location -10/Subcaves Parts ------- > --- POWER (1) -------- (None) > --- PROPULSION (2) --- Aluminum Leg > --- UTILITY (2) ------ Huge Storage Unit Light Armor Plating > --- WEAPON (2) ------- (None) > --- INVENTORY (25) --- Ion Engine Compact Wheel Improved Heat Sink Disposable Heat Sink Small Storage Unit Subdweller Optics Subdweller Optics Makeshift Terrain Scanner ECM Suite Light Armor Plating Makeshift Light Armor Plating Tractor Beam Beamcaster Subdweller Beam Cannon Assault Rifle Assault Rifle Battle Rifle Light Cannon Light Cannon Multitool Makeshift Axe Peak State ------------ > --- POWER ------------ Light Angular Momentum Engine > --- PROPULSION ------- Light Treads Light Treads > --- UTILITY ---------- Huge Storage Unit Makeshift Light Armor Plating > --- WEAPON ----------- Beamcaster Subdweller Beam Cannon > --- INVENTORY -------- Ion Engine Ion Engine Aluminum Leg Compact Wheel Improved Heat Sink Disposable Heat Sink Small Storage Unit Subdweller Optics Makeshift Terrain Scanner ECM Suite Light Armor Plating Light Armor Plating Tractor Beam Subdweller Beam Cannon Assault Rifle Assault Rifle Battle Rifle Subdweller Machine Gun Light Cannon Light Cannon Light Cannon Battle Cannon Battle Cannon Grenade Launcher Grenade Launcher [Rating: 23] Favorites ----------- Power Light Nuclear Core Engine Ion Engine Power Core Light Nuclear Core Propulsion Light Treads Treads Light Treads Leg Aluminum Leg Utility Huge Storage Unit Device Improved Heat Sink Storage Huge Storage Unit Protection Light Armor Plating Weapon Light Cannon Energy Gun Beamcaster Energy Cannon Subdweller Beam Cannon Ballistic Gun Assault Rifle Ballistic Cannon Light Cannon Launcher Grenade Launcher Build | -11 -10 -10 -10 ------- Run | Yrd Mat Min Sub Slots Evolved . | . . . . Power . | . . . . Propulsion . | . . . . Utility . | . . . . Weapon . | . . . . Parts Attached 41 | 7 10 5 19 Power 5 | 2 1 1 1 Engine 4 | 2 . 1 1 Core 1 | . 1 . . Reactor . | . . . . Propulsion 7 | 2 1 2 2 Treads 4 | 2 1 1 . Leg 3 | . . 1 2 Wheel . | . . . . Hover . | . . . . Flight . | . . . . Utility 11 | 1 4 . 6 Device 4 | . 2 . 2 Storage 2 | 1 1 . . Processor . | . . . . Hackware . | . . . . Protection 5 | . 1 . 4 Artifact . | . . . . Weapon 18 | 2 4 2 10 Energy Gun 2 | . . 1 1 Energy Cannon 2 | . . . 2 Ballistic Gun 5 | 2 2 . 1 Ballistic Cannon 7 | . 2 1 4 Launcher 2 | . . . 2 Special Weapon . | . . . . Impact Weapon . | . . . . Slashing Weapon . | . . . . Piercing Weapon . | . . . . Special Melee Weapon . | . . . . Unidentified Prototypes . | . . . . Parts Lost 7 | . . . 7 Power 1 | . . . 1 Propulsion 2 | . . . 2 Utility . | . . . . Weapon 4 | . . . 4 Highest Loss Streak 3 | . . . 3 To Critical Strikes . | . . . . Average Slot Usage (%) 97 | . 98 99 95 Engine 6 | . 5 . 10 Core 5 | . 8 13 . Treads 18 | . 28 27 10 Leg 8 | . . . 16 Device 2 | . 10 . . Storage 14 | . 14 14 14 Protection 11 | . 1 14 14 Energy Gun 3 | . . . 6 Energy Cannon 1 | . . . 2 Ballistic Gun 3 | . 19 . . Ballistic Cannon 15 | . 8 27 13 Launcher 2 | . . . 4 Peak Build Rating 23 | 6 13 18 23 Average Rating 14 | 5 10 11 17 On Entrance 8 | . 6 11 18 Naked Turns . | . . . . Heaviest Build 106 | 14 94 100 106 Greatest Support 40 | 40 40 40 40 Greatest Overweight (x) 31 | . 2 31 8 Average Overweight (x) 2 | . 1 2 3 Largest Inventory Capacity 25 | 8 25 25 25 Average Capacity 23 | 7 21 25 25 Most Carried 25 | 6 25 25 25 Average Carried 21 | 4 15 24 23 Final Capacity 25 | 8 25 25 25 Final Carried 25 | 6 25 24 21 Class Distribution -------------------- 100% | Mutant Dominant Class ---------------- Mutant | -10/Materials Mutant | -10/Mines Mutant | -10/Subcaves Resources | -11 -10 -10 -10 ----------- Run | Yrd Mat Min Sub Matter Collected 1026 | 203 406 209 208 Remotely . | . . . . Salvage Created 1071 | . 721 105 245 Parts 60 | . 32 10 18 Haulers Intercepted 1 | . 1 . . Recyclers Shooed 3 | . 3 . . Parts Field Recycled . | . . . . Retrieved Matter . | . . . . Parts Self-Destructed 14 | . . . 14 Prevented . | . . . . Kills | -11 -10 -10 -10 ------- Run | Yrd Mat Min Sub Combat Hostiles Destroyed 24 | . 12 2 10 Guns 17 | . 12 . 5 Cannons 6 | . . 2 4 Classes Destroyed 7 | . 5 1 1 Worker 2 | . 1 1 . Tunneler 2 | . . 2 . Hauler 1 | . 1 . . Recycler 4 | . 4 . . Swarmer 7 | . 3 . 4 Grunt 12 | . 9 2 1 Subdweller 5 | . . . 5 Best Kill Streak 4 | . 3 2 4 Combat Bots Only 4 | . 3 2 4 Max Kills in Single Turn 2 | . 2 1 2 Gunslinging 1 | . 1 . . Exploded . | . . . . Melee . | . . . . Uniques/NPCs Destroyed . | . . . . Combat | -11 -10 -10 -10 -------- Run | Yrd Mat Min Sub Hostile Shots Fired 167 | . 54 8 105 Missed 51 | . 18 5 28 Damage Taken 1762 | . 427 42 1293 Core 259 | . 59 . 200 Absorbed by Shields . | . . . . Core Remaining (%) 100 | 100 . . . Volleys Fired 80 | . 46 7 27 Largest 2 | . 2 2 2 Hottest 155 | . 40 70 155 Shots Fired 167 | . 93 16 58 Gun 112 | . 92 . 20 Cannon 51 | . 1 16 34 Launcher 4 | . . . 4 Special . | . . . . Kinetic 134 | . 93 16 25 Thermal 29 | . . . 29 Explosive 4 | . . . 4 Electromagnetic . | . . . . Robot Hit Streak 12 | . 12 6 6 Robot Miss Streak 4 | . 4 2 3 Penetration Max . | . . . . Secondary Targets 2 | . 2 . . Max Gunslinging Chain 1 | . 1 . . Shots Hit Robots 104 | . 66 10 28 Core Hits 51 | . 32 7 12 Critical Kills 1 | . . . 1 Critical Parts Destroyed . | . . . . Critical Strikes 2 | . . . 2 Burn 1 | . . . 1 Meltdown 1 | . . . 1 Melee Attacks . | . . . . Impact . | . . . . Slashing . | . . . . Piercing . | . . . . Sneak Attacks . | . . . . Combat Hostiles . | . . . . Follow-up Attacks . | . . . . Damage Inflicted 1774 | . 874 241 659 Guns 1066 | . 859 . 207 Cannons 628 | . . 176 452 Explosions . | . . . . Melee . | . . . . Ramming 80 | . 15 65 . Kinetic 1322 | . 859 176 287 Thermal 372 | . . . 372 Explosive . | . . . . Electromagnetic . | . . . . Impact . | . . . . Slashing . | . . . . Piercing . | . . . . Highest Corruption 3 | . 3 3 3 Average Corruption 2 | . 2 3 3 Corruption Purged . | . . . . Corruption Blocked . | . . . . Effects 144 | . 12 40 92 Message Errors 35 | . 5 6 24 Matter Fused 35 | . 1 11 23 Heat Flow Errors 17 | . 3 4 10 Energy Discharges 15 | . . 7 8 Parts Rejected 1 | . . . 1 Parts Fused 1 | . . . 1 Data Loss (minor) 24 | . 2 6 16 Data Loss (major) 7 | . . 3 4 Misfires 8 | . 1 2 5 Alerts 1 | . . 1 . Overload Shots . | . . . . Overflow Damage . | . . . . Projectiles . | . . . . Explosions . | . . . . Melee . | . . . . Knockbacks 8 | . . 5 3 Impact 1 | . . 1 . Kinetic 7 | . . 4 3 Secondary . | . . . . Self-Inflicted Damage 29 | . . . 29 Shots 1 | . . . 1 Rammed 9 | . 2 7 . Targets Rammed 10 | . 3 7 . Kicked . | . . . . Crushed 1 | . 1 . . Highest Temperature 274 | . 171 274 259 Average Temperature 86 | . 71 102 76 Received Heat Transfer 740 | . 207 45 488 Siege Activations . | . . . . Robots Corrupted . | . . . . Combat Hostiles . | . . . . Parts Fried . | . . . . Impact Corruptions . | . . . . Robots Melted 1 | . . . 1 Combat Hostiles 1 | . . . 1 Parts Melted 2 | . . . 2 Heat Transferred 666 | . . . 666 Parts Sabotaged . | . . . . Parts Stolen . | . . . . Parts Stripped . | . . . . Power Chain Reactions . | . . . . Alert | -11 -10 -10 -10 ------- Run | Yrd Mat Min Sub Peak Influence 215 | . 215 55 . Initial . | . . . . Average 25 | . 56 3 . Maximum Alert Level 1 | . 1 . . Low Security (%) 98 | 100 96 100 . Level 1 1 | . 3 . . Level 2 . | . . . . Level 3 . | . . . . Level 4 . | . . . . Level 5 . | . . . . High Security . | . . . . Max Security . | . . . . Squads Dispatched 2 | . 2 . . Investigation 2 | . 2 . . Extermination . | . . . . Reinforcement . | . . . . Assault . | . . . . Garrison . | . . . . Intercept . | . . . . Searches Triggered . | . . . . Construction Impeded . | . . . . Haulers Reinforced . | . . . . Active Scanning Responses . | . . . . Cargo Convoy Interrupts . | . . . . Stealth | -11 -10 -10 -10 --------- Run | Yrd Mat Min Sub Distress Signals 1 | . 1 . . Communications Jammed . | . . . . Distress Signals . | . . . . Times Spotted 37 | . 17 2 18 Peak Tracking Total 6 | . 3 2 6 Tactical Retreats 6 | . . . 6 Traps | -11 -10 -10 -10 ------- Run | Yrd Mat Min Sub Traps Triggered 2 | . 2 . . Indirectly . | . . . . Trap Hack Attempts . | . . . . Triggered . | . . . . Disarmed . | . . . . Reprogrammed . | . . . . Reused . | . . . . Traps Extracted . | . . . . Installed . | . . . . Triggered . | . . . . Machines | -11 -10 -10 -10 ---------- Run | Yrd Mat Min Sub Machines Disabled . | . . . . Max in Single Turn . | . . . . Machines Repaired . | . . . . Machines Dismantled . | . . . . Machines Sabotaged . | . . . . Overloaded Fab Kills . | . . . . Hacking | -11 -10 -10 -10 --------- Run | Yrd Mat Min Sub Machines Accessed 3 | . 3 . . Terminals 3 | . 3 . . Fabricators . | . . . . Repair Stations . | . . . . Recycling Units . | . . . . Scanalyzers . | . . . . Garrison Access . | . . . . Total Hacks 11 | . 11 . . Successful 4 | . 4 . . Failed 6 | . 6 . . Catastrophic 2 | . 2 . . Database Lockouts 1 | . 1 . . Manual 6 | . 6 . . Terminals 11 | . 11 . . Fabricators . | . . . . Repair Stations . | . . . . Recycling Units . | . . . . Scanalyzers . | . . . . Garrison Access . | . . . . Terminal Hacks 4 | . 4 . . Record 1 | . 1 . . Robot Analysis 1 | . 1 . . Branch Access Points 1 | . 1 . . Hauler Manifests 1 | . 1 . . Fabricator Hacks . | . . . . Repair Station Hacks . | . . . . Recycling Unit Hacks . | . . . . Scanalyzer . | . . . . Garrison Access Hacks . | . . . . Unauthorized Hacks . | . . . . Terminals . | . . . . Fabricators . | . . . . Repair Stations . | . . . . Recycling Units . | . . . . Scanalyzers . | . . . . Garrison Access . | . . . . Data Cores Recovered . | . . . . Used . | . . . . Hacking Detections 2 | . 2 . . Full Trace Events 2 | . 2 . . Feedback Events . | . . . . Feedback Blocked . | . . . . Robot Schematics Acquired . | . . . . Robots Built . | . . . . Authchips . | . . . . Time . | . . . . Total Robot Build Rating . | . . . . Part Schematics Acquired . | . . . . Parts Built . | . . . . Authchips . | . . . . Time . | . . . . Total Part Build Rating . | . . . . Parts Repaired . | . . . . Time . | . . . . Parts Recycled . | . . . . Recycled Matter . | . . . . Retrieved Matter . | . . . . Retrieved Components . | . . . . Parts Scanalyzed . | . . . . Part Schematics Acquired . | . . . . Parts Damaged . | . . . . Bothacking | -11 -10 -10 -10 ------------ Run | Yrd Mat Min Sub Used RIF Installer . | . . . . Robots Hacked . | . . . . Non-combat . | . . . . Combat . | . . . . Robot Hacks Applied . | . . . . Relay Couplers Released . | . . . . Fabnet Peak Effective % . | . . . . Robots Rewired . | . . . . Allies Hacked . | . . . . Hacks Repelled . | . . . . Allies | -11 -10 -10 -10 -------- Run | Yrd Mat Min Sub Total Allies 2 | . . 2 . Largest Group 2 | . . 2 . Highest-Rated Group 49 | . . 49 . Highest-Rated Ally 31 | . . 31 . Total Orders . | . . . . Ally Attacks 4 | . . 4 . Total Damage 41 | . . 41 . Kills 1 | . . 1 . Allies Corrupted . | . . . . Allies Melted . | . . . . Intel | -11 -10 -10 -10 ------- Run | Yrd Mat Min Sub Robot Analysis Total 1 | . 1 . . Derelict Logs Recovered 6 | . . 3 3 Drone Launches . | . . . . Drone Recoveries . | . . . . Exploration | -11 -10 -10 -10 ------------- Run | Yrd Mat Min Sub Turns Passed 8649 | 149 1692 2259 4549 Spaces Moved 2504 | 87 568 677 1172 Core 6 | 4 . 2 . Treads 1858 | 83 568 675 532 Legs 640 | . . . 640 Wheels . | . . . . Hover . | . . . . Flight . | . . . . Fastest Speed 50 | 50 160 320 320 Average Speed 328 | 154 264 324 375 Slowest Speed 1600 | 160 320 1600 680 Overloaded Moves . | . . . . Propulsion Burnouts . | . . . . Robots Hopped . | . . . . Cave-ins Triggered . | . . . . Exploration Rate (%) 53 | 5 66 92 51 Regions Visited 3 Branch Regions 2 Pre-discovered Areas 3 | . . . 3 Known Exits Taken 1 | . 1 . . Unknown Exits Taken 2 | 1 . 1 . Scrap Searched 9 | . . 1 8 Spaces Dug 18 | . . . 18 Terrain Destroyed 33 | . . . 33 Melee . | . . . . Projectile . | . . . . AOE 33 | . . . 33 Terrain Rammed . | . . . . Walls Destroyed . | . . . . Machines Disabled . | . . . . Actions | -11 -10 -10 -10 --------- Run | Yrd Mat Min Sub Total 2750 | 98 662 717 1273 Wait 53 | . 13 10 30 Move 2501 | 86 567 676 1172 Hop . | . . . . Pick Up 35 | 5 16 4 10 Fast Attach 16 | 6 4 3 3 Attach 6 | . . . 6 Detach 6 | . 3 . 3 Swap 19 | 1 6 2 10 Drop 24 | . 4 8 12 Fire 80 | . 46 7 27 Melee . | . . . . Ram . | . . . . Kick . | . . . . Crush 10 | . 3 7 . Escape Stasis . | . . . . Rewire . | . . . . Trap . | . . . . Miscellaneous . | . . . . Route ------- -11/Scrapyard -10/Materials (discovered 4 exits: *Mat x3 / *Min) -10/Mines (discovered 3 exits: *Mat x2 / [*Sub]) -10/Subcaves History --------- Turn | Location | Event 10 | -11/Scrapyard | Discovered new exit (range 14) 150 | -11/Scrapyard | Entered Materials 316 | -10/Materials | Build established: Mutant 401 | -10/Materials | Discovered new exit (range 4) 823 | -10/Materials | Identified exit to Mines 958 | -10/Materials | Discovered new exit (range 16) 1038 | -10/Materials | Central database locked down 1459 | -10/Materials | Discovered new exit (range 16) 1842 | -10/Materials | Entered Mines 1853 | -10/Mines | Identified exit to Materials 2292 | -10/Mines | Discovered exit to Materials (range 11) 2676 | -10/Mines | Learned Materials interactive machine intel 4072 | -10/Mines | Discovered new exit (range 7) 4101 | -10/Mines | Entered Subcaves 4306 | -10/Subcaves | Learned location of Mines (-9) 5746 | -10/Subcaves | Core integrity fell below 50% 7622 | -10/Subcaves | Lost 3 parts (1p2w) 7729 | -10/Subcaves | Shifting Twisted Machinery released Multitool 7793 | -10/Subcaves | Shifting Twisted Machinery released Sub. Power Source 7796 | -10/Subcaves | Learned location of Storage (-8) 8449 | -10/Subcaves | Core integrity fell below 20% 8650 | -10/Subcaves | Destroyed by E8-ZL8(R) with Subdweller Machine Gun Last Messages --------------- 08252_ System corrupted: Energy discharge (-38). 08280_ ML1:IU9E1CS9#7H6RSD :6LOXTS6G& 08301_ System corrupted: Matter fused (-8). 08329_ System corrupted: Matter fused (-7). 08345_ System corrupted: Component data lost. 08364_ System corrupted: Heat flow error (+248). 08401_ System corrupted: Matter fused (-9). 08441_ System corrupted: Substantial component data lost. 08469_ System corrupted: Heat flow error (+139). 08482_ The unstable cave ceiling collapses. 08491_ System corrupted: Energy discharge (-35). 08506_ System corrupted: Component data lost. 08524_ System corrupted: Matter fused (-8). 08564_ System corrupted: Energy discharge (-32). 08607_ Aluminum Leg destroyed. 08627_ System corrupted: FCS attempts to trigger Grenade Launcher. 08642_ Grenade Launcher destroyed. 08646_ KNBSW6GDRA8T:WMFIGU R5>UPYY9MX&IFU4NJS3 Map ----- +----------------------------------------------------+ | ????????### #?????????????????????????????? | | ??????### #?????????????????????????????? | | ????### #??????????????????????????????? | | ????# ##??##????? ##????????????????? | | ????# # ##??? ##???? #????????????????? | | ??### ### ##??## #???# #????????????????? | | ??# # ##?## #### ##???????????????? | | ??## ## ### ????????????????? | | ?"" ## #?????????????????? | | "# #### ## #???#?????????????? | | "# ##??# #???# ### ##????????????? | | "?## #???# ##### ##???????????? | | ??#######???# ## #???????????? | | "????????????##### #??????????? | | ?????###??####????## ???????????? | | ????## #### ##????## ### ????????????? | | ????# ## #????## #???????????????????? | | ???## ##??## #???????????????????? | | ?### #### ##??????????????????? | | ## ##?????? #?????????? | | # ##??? ??????????? | | # ### ## #? #???????????? | | ### #?########## # #????????????? | | ### ????####??# ## R ""#????????????? | | ### #???# ### #### # # ##??????????#?? | | #####??## # #?## @ #####? #?????????##" | | #?????## ####### #?????? ????????? " | | #?????# #???# #????????"????????"" | | ###?????## #### #???# #?????????????????""" | | #????????##????## ##??# #??????????????? """ | | ????????????????# ##?## "#?????????????? | | ?????#######????# #?#"""#???????????????? " " | | ????## #???## #?##" #?##?????????#" ??""" | | ???## ##??# ##?#" ## #?????????#""#?""" | | ???# #??## ##??# #?????????#""##"" | | ???# #???# ##???# #????????##"" ##" | | ??## ##??## #????# #????????# "" ## # | | ??# ## #??## ###??# "#?????#####""#?### | | ??# #?###??# ##?# ####????# # #### | | ??# #??????# #### ## ##??## ## ## | | ??# #?????## ## #### # | | ??# #####?# ## | | ??## ## #?# ###### # | | ???# #?# ####%# ### | | ???## ### ### ### ] # | | ????## ## ##?# ### ## &[&" ## | | ???##### ####??# ### ###" ## ## | | #?## #?## #?????#### ##?# ### # | | ### ##?# ##### #????# ### ##??## | | ### ##???## ##???# #??###???# | +----------------------------------------------------+ Best States ------------- Heat Dissipation 39 Energy Generation 18 Energy Capacity 250 Matter Stores 300 Matter Capacity 300 Sight Range 16 Terrain Scan Density 10 Armor Coverage 150 Evasion (%) 40 Recoil Reduction 2 Item Schematics ----------------- None Robot Schematics ------------------ None Fabricated ------------ Nothing Alien Tech Used ----------------- None Achievements -------------- None Challenges ------------ None Game ------ Seed SpacefoldLinkedProtomatter Manual? 0 Play Time 00:31:50 Cumulative 39.9 hours Start 2024.11.29 @ 11:02:40 End 2024.11.29 @ 11:38:20 Sessions 1 Manual Loads 0 Difficulty Rogue Special Mode None Game No. 51 Rogue 51 Adventurer 0 Explorer 0 Win Type - Total 1 Types 1/0/0/0/0/0/0/0/0 Lore% 16 Gallery% 30 Achievement% 30 Wizard Run 0 Options --------- Layout 2 ASCII 0 Keyboard 1 Movement Arrows Keybinds 0 Fullscreen 1 Font 24/Proggy Map View 50x44 Zoom Use 0% Tactical HUD 1 Map Filters NONE Filters NONE Steam 1 RUN: a2fb76cc-f611-4bcc-af10-9d03baf60abe